 Dungeon Crawl Stone Soup version 0.20-a0-823-gdec668e (webtiles) character file.

703 Amciq the Chopper (level 7, -6/62 HPs)
             Began as a Minotaur Berserker on Mar 5, 2017.
             Was a Priest of Trog.
             Killed by divine providence
             ... invoked by an orc priest
              (10 damage)
             ... while paralysed by Pikel
             ... on level 4 of the Dungeon.
             The game lasted 00:08:34 (3392 turns).

Amciq the Chopper (Minotaur Berserker)              Turns: 3392, Time: 00:08:35

Health: -6/62      AC: 15    Str: 22    XL:     7   Next: 39%
Magic:  6/6        EV:  2    Int:  4    God:    Trog [***...]
Gold:   183        SH:  0    Dex: 11    Spells: 6/6 levels left

rFire    . . .     SeeInvis .   a - +0 hand axe
rCold    . . .     Gourm    .   x - +0 plate armour
rNeg     . . .     Faith    .   (no shield)
rPois    .         Spirit   .   (helmet restricted)
rElec    .         Reflect  .   (no cloak)
rCorr    .         Harm     .   s - +2 pair of gloves
MR       .....                  (no boots)
Stlth    ..........             (no amulet)
Regen    0.2/turn               (no ring)
MPRegen  0.1/turn               (no ring)

@: paralysed, exhausted, slowed
A: retaliatory headbutt, horns 2
a: Berserk, Trog's Hand, Burn Spellbooks, Renounce Religion


You were on level 4 of the Dungeon.
You worshipped Trog.
Trog was most pleased with you.
You were very hungry.

You visited 1 branch of the dungeon, and saw 4 of its levels.

You collected 183 gold pieces.

Inventory:

Hand Weapons
 a - a +0 hand axe (weapon)
Armour
 s - a +2 pair of gloves (worn)
 x - a +0 plate armour (worn)
Wands
 o - a wand of acid (10/15)
 t - a wand of random effects (14/48)
Scrolls
 d - 3 scrolls of fog {unknown}
 e - 2 scrolls of remove curse {unknown}
 f - a scroll of magic mapping {unknown}
 l - a scroll of recharging {unknown}
 n - 3 scrolls of teleportation {unknown}
 q - 2 scrolls of identify {unknown}
 u - a scroll of noise {unknown}
 w - a scroll of enchant weapon {unknown}
Potions
 b - a potion of lignification {unknown}
 i - 2 potions of brilliance {unknown}
 j - 2 potions of curing
 k - 2 potions of agility {unknown}
 r - 3 potions of degeneration {unknown}
 v - a potion of ambrosia {unknown}
Comestibles
 c - 4 bread rations
 g - 3 royal jellies
 h - 4 meat rations
 p - 3 fruits


   Skills:
 * Level 5.9 Fighting
 * Level 6.1 Axes
 * Level 5.9 Armour
 + Level 3.9 Dodging
 + Level 2.0 Unarmed Combat


You had 6 spell levels left.
You didn't know any spells.

Dungeon Overview and Level Annotations

Branches:
Dungeon (4/15)
 Temple: D:4-7

Altars:
Gozag
Kikubaaqudgha
Ru

Annotations:
D:4 Pikel


Innate Abilities, Weirdness & Mutations

You reflexively headbutt those who attack you in melee.
You have a pair of horns on your head.


Message History

Pikel burns you.
* * * LOW HITPOINT WARNING * * *
You hit Pikel but do no damage. Your headbutt misses Pikel.
Pikel is heavily wounded.
You closely miss the orc wizard. You closely miss the orc priest.
The orc priest hits you.
* * * LOW HITPOINT WARNING * * *
The orc wizard hits you but does no damage.
Pikel zaps a wand.
You suddenly lose the ability to move!
The orc priest hits you but does no damage.
The orc wizard hits you but does no damage.
Pikel zaps a wand.
You resist with some effort.
The orc priest hits you but does no damage.
The orc wizard looks encouraged for a moment.
Pikel hits you but does no damage.
The orc priest hits you but does no damage.
The orc wizard completely misses you. Pikel hits you but does no damage.
The orc priest invokes the aid of Beogh against you.
Beogh smites you!
You die...

## .## +# ..# .### ..#
...+ .## ...# ..# ...#
..#############..#
.##...##.......#+###..##
.......#........@K.....#
.......'.......oo[.....#
......##+#######..##..##
.##...# #..# ## ###...#
....# .##...# ....+
......# ##### ......#
.......


You could see Pikel, an orc priest and an orc wizard.

Vanquished Creatures
  An orc warrior (D:4)
  4 slaves (D:4)
  Blork the orc (D:4)
  A bullfrog (D:4)
  A crimson imp (D:4)
  A hound (D:4)
  2 orc priests (D:4)
  3 orc wizards
  An iguana (D:4)
  A worker ant (D:4)
  7 gnolls
  4 adders (D:2)
  2 adder skeletons (D:4)
  A worm (D:2)
  3 dart slugs
  2 leopard geckos
  18 orcs
  7 bats
  A giant cockroach (D:3)
  17 hobgoblins
  8 jackals
  A quokka (D:3)
  A ball python (D:4)
  3 frilled lizards
  6 goblins
  A kobold (D:1)
  A quokka skeleton (D:4)
  6 rats
105 creatures vanquished.

Notes
Turn   | Place    | Note
-------+----------+-------------------------------------------
     0 | D:1      | Amciq the Minotaur Berserker began the quest for the Orb.
     0 | D:1      | Reached XP level 1. HP: 19/19 MP: 0/0
   185 | D:1      | Reached XP level 2. HP: 24/27 MP: 1/1
   372 | D:1      | Reached skill level 4 in Axes
   731 | D:2      | Reached XP level 3. HP: 28/33 MP: 2/2
   971 | D:2      | Reached ** piety under Trog
  1246 | D:2      | Reached XP level 4. HP: 40/40 MP: 3/3
  1737 | D:3      | Reached XP level 5. HP: 42/47 MP: 4/4
  2478 | D:4      | Reached skill level 5 in Axes
  2478 | D:4      | Reached skill level 5 in Fighting
  2478 | D:4      | Reached skill level 1 in Unarmed Combat
  2481 | D:4      | Reached XP level 6. HP: 15/56 MP: 5/5
  2731 | D:4      | Noticed an orc warrior
  2743 | D:4      | Reached skill level 5 in Armour
  2745 | D:4      | Killed an orc warrior
  2746 | D:4      | Reached *** piety under Trog
  2920 | D:4      | Found a sacrificial altar of Ru.
  2938 | D:4      | Noticed Blork the orc
  2949 | D:4      | Reached XP level 7. HP: 47/61 MP: 6/6
  2961 | D:4      | Killed Blork the orc
  3296 | D:4      | Found an ancient bone altar of Kikubaaqudgha.
  3298 | D:4      | Found an opulent altar of Gozag.
  3366 | D:4      | Noticed Pikel
  3376 | D:4      | Reached skill level 6 in Axes
  3379 | D:4      | Paralysed by Pikel for 6 turns
  3388 | D:4      | HP: 3/62 [orc priest (3)]
  3388 | D:4      | Paralysed by Pikel for 7 turns
  3392 | D:4      | Killed from afar by an orc priest

Vault maps used:
D:1:      wheals_arrival_linesprint, minmay_bisected
D:3:      minmay_hedge_maze
D:4:      lemuel_round_altar, chequers_temple_overflow_statue_of_worship,
          minmay_temple_entry_hall, uniq_blork_the_orc, uniq_pikel

Skill      XL: |  1  2  3  4  5  6  7 |
---------------+----------------------+-----
Axes           | 4 5 6 |  6.1
Armour         | 3 4 5 |  5.9
Fighting       | 4 5 |  5.9
Dodging        | 3 |  3.9
Unarmed Combat | 1 2 |  2.0

Action                   |  1- 3 |  4- 6 |  7- 9 || total
-------------------------+-------+-------+-------++-------
Melee: Hand axe          |    64 |   131 |    52 ||   247
       Headbutt          |    11 |    30 |     8 ||    49
       Punch             |       |       |     1 ||     1
Invok: Berserk           |       |     4 |     3 ||     7
       Trog's Hand       |       |     1 |       ||     1
  Eat: Chunk             |     1 |    10 |     3 ||    14
Armor: Animal skin       |    13 |    20 |       ||    33
       Plate armour      |       |    17 |    51 ||    68
Dodge: Dodged            |    49 |    75 |    29 ||   153
